 Dungeon Crawl Stone Soup version 0.20.1-1-g8b1a95d (webtiles) character file.

107 Meenos the Charmwright (level 5, -1/35 HPs)
             Began as a Halfling Skald on Nov 14, 2017.
             Slain by a leopard gecko (2 damage)
             ... on level 3 of the Dungeon.
             The game lasted 00:24:38 (2886 turns).

Meenos the Charmwright (Halfling Skald)             Turns: 2886, Time: 00:24:38

Health: -1/35      AC:  3    Str: 13    XL:     5   Next: 10%
Magic:  15/16      EV: 17    Int: 11    God:
Gold:   82         SH:  0    Dex: 14    Spells: 4/7 levels left

rFire    . . .     SeeInvis .   a - +0 falchion
rCold    . . .     Gourm    .   (shield restricted)
rNeg     . . .     Faith    .   b - +0 leather armour
rPois    .         Spirit   .   (no helmet)
rElec    .         Reflect  .   (no cloak)
rCorr    .         Harm     .   (no gloves)
MR       .....                  (no boots)
Stlth    +.........             (no amulet)
Regen    0.2/turn               s - ring of magical power
MPRegen  0.2/turn               u - +3 ring of evasion

@: infused, singing
A: mutation resistance 1
a: no special abilities


You were on level 3 of the Dungeon.
You were not hungry.

You visited 1 branch of the dungeon, and saw 3 of its levels.

You collected 82 gold pieces.

Inventory:

Hand Weapons
 a - a +0 falchion (weapon)
 j - a +0 short sword
 p - a +0 hunting sling
 v - a +1 hunting sling of flaming
Missiles
 i - 138 stones (quivered)
 k - 56 sling bullets
Armour
 b - a +0 leather armour (worn)
Jewellery
 s - a ring of magical power (left hand)
 u - a +3 ring of evasion (right hand)
Scrolls
 e - 3 scrolls of identify {unknown}
 f - a scroll of random uselessness {unknown}
 n - a scroll of amnesia {unknown}
 o - a scroll of enchant armour {unknown}
 q - 3 scrolls of teleportation {unknown}
Potions
 d - a potion of berserk rage {unknown}
 g - a potion of agility {unknown}
 h - 2 potions of magic
 l - a potion of invisibility {unknown}
 m - 2 potions of curing {unknown}
 r - a potion of haste {unknown}
 t - a potion of brilliance {unknown}
Books
 c - a book of Battle

   Spells                             Type                      Level
   a - Infusion                       Charms                       1
   b - Shroud of Golubria             Charms/Translocation         2
   c - Song of Slaying                Charms                       2
   d - Spectral Weapon                Hexes/Charms                 3
   e - Regeneration                   Charms/Necromancy            3
Comestibles
 w - a bread ration


   Skills:
 - Level 2.4 Fighting
 - Level 2.0 Long Blades
 * Level 0.4 Slings
 - Level 1.2 Armour
 - Level 2.2 Dodging
 - Level 1.0 Stealth
 - Level 1.5 Spellcasting
 + Level 5.2 Charms


You had 4 spell levels left.
You knew the following spells:

 Your Spells              Type           Power        Failure   Level  Hunger
a - Infusion              Chrm           ##..         4%          1    ##.....
b - Song of Slaying       Chrm           ##......     7%          2    ###....


Dungeon Overview and Level Annotations

Branches:
Dungeon (3/15)

Altars:
Ashenzari
Dithmenos
Xom

Annotations:
D:3 Robin


Innate Abilities, Weirdness & Mutations

You are small and have problems with some larger weapons.
You are somewhat resistant to further mutation.


Message History

* * * LOW HITPOINT WARNING * * *
It was a potion of magic.
Magic courses through your body. The ball python barely misses you.
You riposte.
You closely miss the ball python. The ball python constricts you.
The leopard gecko bites you.
* * * LOW HITPOINT WARNING * * *
The goblin barely misses you.
You closely miss the goblin. The ball python completely misses you.
You riposte.
You completely miss the ball python.
* * * LOW HITPOINT WARNING * * *
The ball python constricts you.
The leopard gecko bites you but does no damage.
The goblin closely misses you. The ball python closely misses you.
You riposte.
You hit the ball python!
You kill the ball python!
You barely miss the goblin. The leopard gecko closely misses you.
The goblin hits you but does no damage.
Robin says, "My army is invincible!"
The leopard gecko bites you.
You die...

.# .# # .# . .#.# ≈
##+#+##### g#.##≈≈
#........# wg.(≈(.
#........####g.Z≈(..
#........'.g@lgg≈≈..
#........#####bg≈≈..
####+###........≈≈..
###### #.####...##≈≈
#....# #.#.. # ≈
#.##.# #.#.# .
##+##.#.###.#.##....
#.....#.............
#.....#####.#.###...


You could see a worm, Robin, a leopard gecko, 3 hobgoblins, 3 goblins, a bat and
a bullfrog skeleton.

Vanquished Creatures
  4 adders (D:2)
  An ooze (D:1)
  3 dart slugs (D:1)
  A leopard gecko (D:2)
  5 giant cockroaches
  11 goblins
  5 hobgoblins
  5 jackals
  4 ball pythons
  3 bats
  4 frilled lizards
  6 kobolds
  5 rats
57 creatures vanquished.

Notes
Turn   | Place    | Note
-------+----------+-------------------------------------------
     0 | D:1      | Meenos the Halfling Skald began the quest for the Orb.
     0 | D:1      | Reached XP level 1. HP: 14/14 MP: 3/3
   198 | D:1      | Reached XP level 2. HP: 19/19 MP: 4/4
   399 | D:1      | Reached skill level 4 in Charms
   639 | D:1      | Reached XP level 3. HP: 23/24 MP: 2/5
  1129 | D:1      | Found a shadowy altar of Dithmenos.
  1493 | D:2      | Found a shattered altar of Ashenzari.
  1505 | D:2      | Reached skill level 1 in Stealth
  1505 | D:2      | Reached XP level 4. HP: 22/29 MP: 2/6
  1909 | D:2      | Reached skill level 5 in Charms
  1977 | D:2      | Found a shimmering altar of Xom.
  2113 | D:2      | Learned a level 2 spell: Song of Slaying
  2801 | D:3      | Reached XP level 5. HP: 35/35 MP: 7/7
  2868 | D:3      | Noticed Robin
  2884 | D:3      | HP: 1/35 [leopard gecko (4)]
  2886 | D:3      | Slain by a leopard gecko

Skill      XL: |  1  2  3  4 |
---------------+-------------+-----
Fighting       | 2 |  2.4
Charms         | 4 5 |  5.2
Stealth        | 1 |  1.0
Long Blades    | |  2.0
Slings         | |  0.4
Armour         | |  1.2
Dodging        | |  2.2
Spellcasting   | |  1.5

Action                   |  1- 3 |  4- 6 || total
-------------------------+-------+-------++-------
Melee: Falchion          |    58 |    65 ||   123
 Fire: Hunting sling     |       |     7 ||     7
 Cast: Infusion          |    10 |     4 ||    14
       Song of Slaying   |       |     2 ||     2
  Use: Potion            |       |     1 ||     1
 Stab: Sleeping          |     1 |       ||     1
  Eat: Bread ration      |     1 |     1 ||     2
Armor: Leather armour    |    16 |    15 ||    31
Dodge: Dodged            |    29 |    78 ||   107
       Rpst.: Falchion   |    14 |    25 ||    39
